AoeStats
← sksarthak

Arabia

510154390Analyzed
1v1 RM · 1d ago on Sep 29, 2026· 46m 12s· 2 players
Game mode
Random Map
Map size
Tiny (2 player)
Population
200
Speed
Normal
Resources
Standard
Victory
Conquest
Starting age
Dark Age
Ending age
Imperial Age
RankedLock teamsTeams togetherTeam positionsShared explorationLock speedFull tech treeHidden civsTurbo modeCheats
Victory
Defeat
🇬🇧 Mongols · United Kingdom
1155
+17
🇺🇸 Varangians · United States
1170
-17
SellickSquare
6:02 Loom
8:40 Feudal Age
9:17 Double-Bit Axe
15:21 Wheelbarrow
15:05 Horse Collar
15:29 Gold Mining
20:16 Castle Age
19:26 Fletching
19:56 Bloodlines
19:51 Padded Archer Armor
20:11 Stone Mining
21:14 Bow Saw
21:12 Heavy Plow
21:05 Town Watch
22:14 Husbandry
24:48 Bodkin Arrow
27:08 Leather Archer Armor
28:25 Gold Shaft Mining
30:06 Hand Cart
30:46 Ballistics
34:35 Imperial Age
34:14 Thumb Ring
35:38 Conscription
35:23 Bracer
37:08 Chemistry
36:19 Masonry
36:05 Murder Holes
37:42 Parthian Tactics
39:17 Elite Mangudai
40:28 Light Cavalry
43:41 Hoardings
43:21 Hussar
46:54 Scale Barding Armor
47:00 Forging
sksarthak
6:37 Loom
9:03 Feudal Age
9:58 Double-Bit Axe
11:40 Horse Collar
19:26 Wheelbarrow
22:41 Castle Age
22:21 Forging
22:58 Gold Mining
24:00 Bloodlines
25:29 Scale Barding Armor
25:44 Husbandry
27:14 Chain Barding Armor
27:29 Fletching
28:15 Elite Skirmisher
29:31 Bodkin Arrow
30:22 Iron Casting
35:38 Bodkin Arrow
45:22 Imperial Age
46:21 Bracer
46:22 Padded Archer Armor
Connection lost

Rejoining the realm…

Still unreachable

The connection could not be restored.

Session expired

The server has moved on; the page needs a fresh start.